 Dungeon Crawl Stone Soup version 0.32-a0-995-gb4a59205af (webtiles) character file.

Game seed: 16373247532614300910

940 shadizar the Sneak (level 7, 0/36 HPs)
             Began as a Spriggan Hunter on Apr 22, 2024.
             Slain by an orc warrior
             ... wielding a +0 dire flail
              (18 damage)
             ... on level 6 of the Dungeon.
             The game lasted 00:06:31 (4677 turns).

shadizar the Sneak (Spriggan Hunter)                Turns: 4677, Time: 00:06:32

Health: 0/36       AC:  3    Str:  7    XL:     7   Next: 88%
Magic:  8/8        EV: 20    Int: 10    God:
Gold:   344        SH:  0    Dex: 21    Spells: 6/6 levels left

rFire   . . .        a - +0 shortbow
rCold   . . .        (shield currently unavailable)
rNeg    . . .        c - +0 robe
rPois   .            (helmet restricted)
rElec   .            o - +0 cloak
rCorr   .            (gloves unavailable)
SInv    +            (boots unavailable)
Will    +....        (no amulet)
Stlth   ++++         (no ring)
HPRegen 0.26/turn    (no ring)
MPRegen 0.11/turn

%: no passive effects
@: very quick
A: very small, no large weapons, unfitting armour, see invisible, speed 3
a: Convert to Beogh


You were on level 6 of the Dungeon.
You visited 1 branch of the dungeon, and saw 6 of its levels.
You also visited: Sewer.

You collected 344 gold pieces.

Inventory:

Hand Weapons
 a - a +0 shortbow (weapon)
 j - the +1 short sword of Ewnuuf Veju {heavy, rCorr Dex+10}
   (You found it on level 2 of the Dungeon)

   Dex+10:    It affects your dexterity (+10).
   rCorr:     It protects you from acid and corrosion.
 t - a +2 whip of electrocution
Missiles
 u - 2 javelins
Armour
 c - a +0 robe (worn)
 o - a +0 cloak (worn)
 p - a +0 pair of boots
Wands
 m - a wand of iceblast (8)
 x - a wand of flame (15)
 A - a wand of digging (7)
Scrolls
 b - a scroll of butterflies
 d - 4 scrolls of teleportation {unknown}
 e - 9 scrolls of identify {unknown}
 f - a scroll of vulnerability {unknown}
 i - a scroll of amnesia {unknown}
 k - 2 scrolls of poison {unknown}
 q - a scroll of fog {unknown}
 r - 2 scrolls of immolation {unknown}
 v - a scroll of torment {unknown}
 w - a scroll of blinking
 y - a scroll of enchant weapon {unknown}
Potions
 g - 2 potions of berserk rage {unknown}
 h - 3 potions of curing {unknown}
 l - a potion of attraction {unknown}
 n - 2 potions of heal wounds {unknown}
 s - a potion of mutation {unknown}
 z - a potion of ambrosia {unknown}


   Skills:
 + Level 3.5 Fighting
 + Level 5.7 Ranged Weapons
 + Level 2.7 Armour
 + Level 6.0 Dodging
 + Level 6.5 Stealth


You had 6 spell levels left.
You didn't know any spells.
Your spell library contained the following spells:

 Spells                   Type           Power      Damage    Failure   Level
 Foxfire                  Conj/Fire      0%         2x1d4     36%         1
 Ensorcelled Hibernation  Hex/Ice        0%         N/A       50%         2
 Fugue of the Fallen      Necr           0%         N/A       75%         3
 Anguish                  Hex/Necr       0%         N/A       98%         4
 Plasma Beam              Fire/Air       0%         2x1d10    100%        6
 Starburst                Conj/Fire      0%         6d3       100%        6


Dungeon Overview and Level Annotations

Branches:
Dungeon (6/15)              Sewer (visited)
 Temple: D:4-7

Altars:
Makhleb
Nemelex Xobeh

Shops:
D:3 (

Annotations:
D:3 1 runed translucent door, Crazy Yiuf


Innate Abilities, Weirdness & Mutations

You are very small and have problems with some larger weapons.
You are too small for most types of armour.
You have supernaturally acute eyesight. (SInv)
You cover ground extremely quickly. (Speed+++)


Message History

You shoot an arrow.
The arrow hits the orc warrior but does no damage.
The orc warrior is moderately wounded.
The orc priest closely misses you. The orc misses you.
The orc warrior completely misses you. The orc completely misses you.
The orc warrior completely misses you.
The orc priest mumbles some strange prayers to Beogh against you.
You resist with significant effort.
You shoot an arrow. The arrow hits the orc warrior.
The orc warrior is moderately wounded.
The orc priest hits you from afar with a +0 trident!
The orc warrior misses you. The orc completely misses you.
You shoot an arrow.
The arrow hits the orc warrior but does no damage.
The orc warrior is moderately wounded.
The orc priest shouts, "Beogh offers mercy even to people such as you.
Join us and be reborn!"
The orc priest completely misses you.
The orc warrior hits you with a +0 dire flail!
The orc completely misses you.
You are too injured to fight recklessly!
Unknown command.
Unknown command.
Unknown command.
The orc warrior attacks as it pursues you!
The orc warrior closely misses you.
The orc warrior attacks as it pursues you!
The orc warrior completely misses you.
There is a stone staircase leading up here.
You climb upwards.
There is a stone staircase leading down here.
HP restored.
Done exploring.
There is a stone staircase leading down here.
You climb downwards.
The orc warrior hits you with a +0 dire flail!!
Ouch! That really hurt!
The orc priest begins to cast a cantrip, but forgets the words!
The orc warrior hits you with a +0 dire flail!!
Ouch! That really hurt!
You die...

##.# #.#
#.# #.#
#o# #.#
#o#
.######.#
....<.o@#
.########


You could see an orc warrior, an orc priest and an orc.

Vanquished Creatures
  An ice beast (D:5)
  A phantom (D:4)
  2 bullfrogs (Sewer)
  A bombardier beetle (D:4)
  A howler monkey (D:5)
  A jelly (D:5)
  2 hounds (D:5)
  3 orc priests
  A sleepcap (D:4)
  An iguana (D:5)
  2 orc wizards (D:5)
  9 adders
  A gnoll (D:3)
  A river rat (D:5)
  2 ufetubi (D:5)
  13 dart slugs
  2 ribbon worms
  17 orcs
  14 endoplasms
  11 giant cockroaches
  11 goblins
  8 hobgoblins
  4 jackals (D:1)
  5 quokkas
  22 ball pythons
  3 bats
  9 frilled lizards
  10 kobolds
  2 rats (D:1)
160 creatures vanquished.

Notes
Turn   | Place    | Note
-------+----------+-------------------------------------------
     0 | D:1      | shadizar the Spriggan Hunter began the quest for the Orb.
     0 | D:1      | Reached XP level 1. HP: 10/10 MP: 2/2
    80 | D:1      | Reached XP level 2. HP: 15/15 MP: 3/3
   362 | D:1      | Found a faded altar of an unknown god.
   836 | D:1      | Reached XP level 3. HP: 18/18 MP: 4/4
  1530 | D:2      | Identified the +1 short sword of Ewnuuf Veju {heavy, rCorr
                  | Dex+10}
  1759 | D:3      | Reached XP level 4. HP: 23/23 MP: 5/5
  1789 | D:3      | Found Siaxueto's Weapon Shop.
  1816 | D:3      | Reached skill level 1 in Armour
  2115 | D:3      | Found a runed translucent door.
  2116 | D:3      | Noticed Crazy Yiuf
  2301 | D:3      | Found a burning altar of Makhleb.
  2301 | D:3      | Noticed a green death
  2321 | D:3      | Noticed a gnoll sergeant
  2382 | D:3      | Found a sparkling altar of Nemelex Xobeh.
  2610 | D:3      | Reached XP level 5. HP: 7/26 MP: 6/6
  3253 | D:5      | Entered Level 5 of the Dungeon
  3258 | D:5      | Reached XP level 6. HP: 32/32 MP: 7/7
  3270 | D:5      | Noticed an ice beast
  3284 | D:5      | Killed an ice beast
  3285 | D:5      | Reached skill level 5 in Ranged Weapons
  3295 | D:5      | Reached skill level 5 in Stealth
  3450 | D:4      | Reached skill level 5 in Dodging
  3455 | D:4      | Reached XP level 7. HP: 28/36 MP: 8/8
  3602 | D:5      | Found a glowing drain.
  3630 | Sewer    | Entered a sewer
  4677 | D:6      | Slain by an orc warrior

Illustrated notes

Levels and vault maps discovered:
D:1:      dpeg_arrival_boxes_within_box, layout_basic,
          shapermc_ecumenical_altar_mp_vishouse, minmay_octomino_c4
D:2:      layout_rooms, minmay_misc_feat_plants
D:3:      layout_loops_ring, nemelex_diamond_rough_becter,
          makhleb_altar_promises_db, serial_shops, shop, grunt_ministairs_9,
          minivault_14, uniq_crazy_yiuf_cottage
D:4:      layout_rooms
D:5:      layout_basic, cheibrodos_sewer_entry_sluice, serial_aquarium,
          aquarium_bridge_square [aquarium_subvault_wall,
          aquarium_subvault_bridge, aquarium_subvault_wall,
          aquarium_subvault_wall], aquarium_bridge_straight
          [aquarium_subvault_bridge, aquarium_subvault_wall,
          aquarium_subvault_bridge, aquarium_subvault_window],
          aquarium_window_corridor_1, aquarium_window_1, aquarium_view_2a,
          aquarium_balcony_double_1, aquarium_pool_side
D:6:      layout_loops_corners, nicolae_ashenzari_skybound,
          minmay_temple_entry_butterflies, minmay_misc_feat_tower

Skill      XL: |  1  2  3  4  5  6  7 |
---------------+----------------------+-----
Stealth        | 2 3 4 5 6 |  6.5
Dodging        | 3 4 5 6 |  6.0
Fighting       | 2 3 |  3.5
Armour         | 1 2 |  2.7
Ranged Weapons | 5 |  5.7

Action                     |  1- 3 |  4- 6 |  7- 9 || total
---------------------------+-------+-------+-------++-------
   Fire: Shortbow          |   105 |   221 |   207 ||   533
 Armour: Robe              |     7 |    34 |    43 ||    84
  Dodge: Dodged            |    39 |    91 |   116 ||   246

Table legend: (Time is in decaauts)
 A = Elapsed time spent in this place.
 B = Non-inter-level travel time spent in this place.
 C = Inter-level travel time spent in this place.
 D = Time resting spent in this place.
 E = Time spent auto-exploring this place.
 F = Levels seen in this place.
 G = Mean time per level.
                   A        B        C        D        E       F      G
               +--------+--------+--------+--------+--------+-----+--------+
         Total |   3449 |   3296 |    153 |      0 |   2321 |   7 |  492.7 |
       Dungeon |   3088 |   2935 |    153 |      0 |   2123 |   6 |  514.7 |
         Sewer |    360 |    360 |      0 |      0 |    198 |   1 |  360.0 |
               +--------+--------+--------+--------+--------+-----+--------+

Top non-repeatable levels by time:
     D:1: 792 daAuts
     D:3: 729 daAuts
     D:5: 676 daAuts
     D:4: 518 daAuts
   Sewer: 360 daAuts
     D:2: 338 daAuts
     D:6: 33 daAuts
